 Dungeon Crawl Stone Soup version 0.30-a0-883-g5ad918d77d (webtiles) character file.

Game seed: 15637474877697858923

119 snoose the Covered (level 5, -3/46 HPs)
             Began as a Meteoran Fighter on Dec 27, 2022.
             Slain by a black bear (5 damage)
             ... on level 4 of the Dungeon on Mar 16, 2023.
             The game lasted 00:17:17 (1588 turns).

snoose the Covered (Meteoran Fighter)               Turns: 1588, Time: 00:17:17

Health: -3/46      AC:  8    Str: 20    XL:     5   Next: 49%
Magic:  0/6        EV: 10    Int:  9    God:
Gold:   172        SH:  5    Dex: 13    Spells: 4/4 levels left

rFire   . . .      SeeInvis .    a - +0 long sword
rCold   + . .      Faith    .    c - +0 buckler
rNeg    . . .      Spirit   +    b - +0 scale mail
rPois   .          Reflect  .    (no helmet)
rElec   .          Rampage  .    (no cloak)
rCorr   .                        d - +0 pair of gloves
Will    .....                    (no boots) Stlth
                                 h - amulet of guardian spirit
HPRegen 0.27/turn                p - ring of protection from cold
MPRegen 0.10/turn                (no ring)

@: glowing
A: sense surroundings 1, otherworldly, glowing, explore regen
a: no special abilities


You were on level 4 of the Dungeon.
You visited 1 branch of the dungeon, and saw 4 of its levels.

You collected 172 gold pieces.

Inventory:

Hand Weapons
 a - a +0 long sword (weapon)
Missiles
 o - 9 poisoned darts (quivered)
Armour
 b - a +0 scale mail (worn)
 c - a +0 buckler (worn)
 d - a +0 pair of gloves (worn)
Magical Staves
 m - a staff of air
Jewellery
 h - an amulet of guardian spirit (around neck)
 p - a ring of protection from cold (left hand)
Wands
 r - a wand of flame (7)
Scrolls
 e - a scroll of enchant weapon {unknown}
 f - a scroll of poison {unknown}
 i - 2 scrolls of teleportation
 j - a scroll of immolation {unknown}
 k - a scroll of fear {unknown}
 l - a scroll of noise {unknown}
 q - a scroll of blinking {unknown}
Potions
 g - a potion of flight {unknown}
 n - a potion of resistance {unknown}


   Skills:
 + Level 3.9 Fighting
 + Level 4.1 Long Blades
 + Level 4.3 Armour
 + Level 1.7 Dodging
 + Level 4.0 Shields


You had 4 spell levels left.
You didn't know any spells.
Your spell library contained the following spells:

 Spells                   Type           Power      Damage    Failure   Level
 Apportation              Tloc           0%         N/A       82%         1
 Necrotise                Necr           0%         1d4       82%         1
 Summon Small Mammal      Summ           0%         N/A       82%         1


Dungeon Overview and Level Annotations

Branches:
Dungeon (4/15) Zot: 768
 Temple: D:4-7

Altars:
Elyvilon
Fedhas


Innate Abilities, Weirdness & Mutations

You passively map a small area around you.
You are easily found by Zot.
You glow in the dark.
You regain HP and MP as you explore.


Message History

You hear a shout!
The endoplasm attacks as you move away! You block the endoplasm's attack.
The jackal attacks as you move away!
The jackal bites you but does no damage.
The black bear bites you.
* * * LOW HITPOINT WARNING * * *
The black bear claws you.
* * * LOW HITPOINT WARNING * * *
The black bear claws you.
* * * LOW HITPOINT WARNING * * *
The jackal bites you but does no damage.
The jackal attacks as you move away!
The jackal bites you but does no damage.
You block the black bear's attack. The black bear barely misses you.
The black bear claws you.
* * * LOW HITPOINT WARNING * * *
The jackal closely misses you.
You completely miss the jackal. The jackal bites you.
* * * LOW HITPOINT WARNING * * *
An orc comes into view. It is wielding a +0 club.
Aiming: Throw Flame
Press: ? - help, Shift-Dir - straight line, f - black bear
Aim: a black bear (almost dead, berserk, 77% to hit)
The puff of flame hits the jackal.
You kill the jackal!
You block the black bear's attack. The black bear barely misses you.
The black bear claws you but does no damage.
As you read the scroll labelled JIWOCIHUGO, it crumbles to dust.
You feel strangely unstable.
It was a scroll of teleportation.
The black bear barely misses you. The black bear claws you.
* * * LOW HITPOINT WARNING * * *
The black bear barely misses you. The black bear bites you.
* * * LOW HITPOINT WARNING * * *
The black bear closely misses you. The black bear claws you.
* * * LOW HITPOINT WARNING * * *
As you read the scroll of teleportation, it crumbles to dust.
You feel strangely stable. You block the black bear's attack.
The black bear claws you.
You die...

* #. #.# ..
.. * ......*
##.. ,.###
,... ,..# *
#.. #.# ,
###.#####@#
#.....hJh.#
,
##!...o##.#
,
###.#..##.#
* *
#<.....##.#
,
*#.........#
,
######.####
, ,* * #.# ,
..#


You could see a black bear (berserk), an orc, an endoplasm and a jackal.

Vanquished Creatures
  Terence (D:2)
  3 adders
  2 worms
  3 dart slugs
  4 bats
  6 endoplasms
  3 giant cockroaches
  3 goblins
  4 hobgoblins
  A jackal (D:4)
  2 quokkas
  8 ball pythons
  2 frilled lizards
  4 kobolds (D:1)
  8 rats
54 creatures vanquished.

Notes
Turn   | Place    | Note
-------+----------+-------------------------------------------
     0 | D:1      | snoose the Meteoran Fighter began the quest for the Orb.
     0 | D:1      | Reached XP level 1. HP: 19/19 MP: 2/2
    52 | D:1      | Upgraded the game from 0.30-a0-553-g7fabdf1491 to
                  | 0.30-a0-883-g5ad918d77d
    64 | D:1      | Reached XP level 2. HP: 13/26 MP: 3/3
   307 | D:1      | Reached XP level 3. HP: 31/31 MP: 4/4
   414 | D:1      | Reached skill level 1 in Dodging
   482 | D:1      | Glimpsed the power of Zot.
   532 | D:1      | Glimpsed the power of Zot.
   755 | D:2      | Reached XP level 4. HP: 37/40 MP: 5/5
   879 | D:2      | Noticed Terence
   899 | D:2      | Killed Terence
   995 | D:2      | Found a faded altar of an unknown god.
  1058 | D:2      | Reached XP level 5. HP: 46/46 MP: 6/6
  1068 | D:2      | Glimpsed the power of Zot.
  1214 | D:3      | Found a blossoming altar of Fedhas.
  1251 | D:3      | Found a white marble altar of Elyvilon.
  1570 | D:4      | Noticed a black bear
  1587 | D:4      | HP: 1/46 [black bear (4)]
  1588 | D:4      | Slain by a black bear

Illustrated notes

Levels and vault maps discovered:
D:1:      dpeg_arrival_lava_temple_mockup, layout_loops_ring, minmay_hexomino_u4
D:2:      layout_basic, chequers_ecumenical_altar_simple, uniq_terence
D:3:      layout_rooms, mainiacjoe_overflow_catch_the_wave
D:4:      layout_basic, temple_green, eino_curves_01, grunt_ministairs_1,
          uniq_grinder

Skill      XL: |  1  2  3  4 |
---------------+-------------+-----
Long Blades    | 3 4 |  4.1
Dodging        | 1 |  1.7
Armour         | 4 |  4.3
Shields        | 4 |  4.0
Fighting       | |  3.9

Action                     |  1- 3 |  4- 6 || total
---------------------------+-------+-------++-------
  Melee: Long sword        |    91 |    69 ||   160
  Evoke: Wand              |       |     1 ||     1
    Use: Potion            |     1 |       ||     1
         Scroll            |       |     2 ||     2
 Armour: Scale mail        |    51 |    48 ||    99
  Dodge: Dodged            |    47 |    32 ||    79
  Block: Buckler           |    30 |    19 ||    49

Table legend: (Time is in decaauts)
 A = Elapsed time spent in this place.
 B = Non-inter-level travel time spent in this place.
 C = Inter-level travel time spent in this place.
 D = Time resting spent in this place.
 E = Time spent auto-exploring this place.
 F = Levels seen in this place.
 G = Mean time per level.
                   A        B        C        D        E       F      G
               +--------+--------+--------+--------+--------+-----+--------+
         Total |   1630 |   1575 |     55 |    203 |    799 |   4 |  407.5 |
       Dungeon |   1630 |   1575 |     55 |    203 |    799 |   4 |  407.5 |
               +--------+--------+--------+--------+--------+-----+--------+

Top non-repeatable levels by time:
     D:1: 560 daAuts
     D:2: 559 daAuts
     D:3: 490 daAuts
     D:4: 19 daAuts
